 Dungeon Crawl Stone Soup version 0.28-a0-1184-g53156a8862 (webtiles) character file.

Game seed: 5538410246222265377

133 ytrimaz the Insei (level 5, -5/34 HPs)
             Began as an Octopode Transmuter on Dec 18, 2021.
             Slain by Blork the orc (11 damage)
             ... on level 4 of the Dungeon.
             The game lasted 00:04:28 (4887 turns).

ytrimaz the Insei (Octopode Transmuter)             Turns: 4887, Time: 00:04:29

Health: -5/34      AC:  2    Str: 10    XL:     5   Next: 16%
Magic:  7/9        EV: 19    Int: 17    God:
Gold:   1205       SH:  0    Dex: 17    Spells: 4/10 levels left

rFire   . . .      SeeInvis .     - Unarmed
rCold   . . .      Faith    .   (shield currently unavailable)
rNeg    . . .      Spirit   .   (helmet currently unavailable)
rPois   x          Reflect  .   (no amulet)
rElec   .          Harm     .   (no ring)
rCorr   .          Rampage  .   (no ring)
Will    .....                   (no ring)
Stlth   ++........              (no ring)
HPRegen 0.11/turn               (no ring)
MPRegen 0.11/turn               (no ring)
                                (no ring)
                                (no ring)

@: spider-form (expiring)
A: venomous fangs, almost no armour, (amphibious), 8 rings, tiny, (camouflage
1), (gelatinous body 1), (nimble swimmer 1), (tentacles)
a: End Transformation


You were on level 4 of the Dungeon.
You were a venomous arachnid creature.
You visited 1 branch of the dungeon, and saw 4 of its levels.

You collected 1205 gold pieces.

Inventory:

Scrolls
 d - a scroll of enchant armour
 g - 2 scrolls of teleportation
Potions
 a - a potion of cancellation {unknown}
 b - a potion of flight {unknown}
 c - 2 potions of resistance
 f - a potion of might {unknown}


   Skills:
 * Level 1.9 Fighting
 - Level 2.0 Dodging
 + Level 3.7 Unarmed Combat
 * Level 3.2 Spellcasting
 * Level 3.1 Transmutations


You had 4 spell levels left.
You knew the following spells:

 Your Spells              Type           Power      Damage    Failure   Level
a - Beastly Appendage     Tmut           26%        N/A       14%         1
b - Wereblood             Tmut           13%        N/A       19%         2
c - Spider Form           Tmut/Pois      8%         N/A       47%         3

Your spell library contained the following spells:

 Spells                   Type           Power      Damage    Failure   Level
 Slow                     Hex            8%         N/A       36%         1
 Corpse Rot               Necr/Air       4%         N/A       47%         2
 Confusing Touch          Hex            2%         N/A       67%         3
 Vampiric Draining        Necr           2%         2d6       67%         3
 Ice Form                 Ice/Tmut       8%         N/A       83%         4
 Dispel Undead            Necr           2%         3d7       95%         4
 Death Channel            Necr           1%         N/A       100%        6


Dungeon Overview and Level Annotations

Branches:
Dungeon (4/15)
 Temple: D:4-7

Altars:
Makhleb

Shops:
D:4 ((:

Annotations:
D:4 Blork the orc


Innate Abilities, Weirdness & Mutations

You are a venomous arachnid creature.
You have poisonous fangs.
You are tiny and dextrous.
Your spellcasting is less reliable in this form.
Your armour is entirely melded.
You are incapable of wielding weapons or throwing items.
You cannot wear most types of armour.
((You are amphibious.))
You can wear up to eight rings at the same time.
((Your skin changes colour to match your surroundings (Stealth+).))
((Your rubbery body absorbs attacks. (AC +1, EV +1)))
((You are camouflaged near water. (Stealth+)))
((You have tentacles for arms and can constrict up to eight enemies at once.))


Message History

There are monsters nearby!
Blork the orc gestures at you while chanting.
The magic dart hits you!
Casting: Beastly Appendage (safe; 4% risk of failure)
Confirm with . or Enter, or press ? or * to list all spells.
The spell is quite dangerous to miscast (26% risk of failure)!
Continue anyway?
You turn into a venomous arachnid creature.
The kobold shouts!
The kobold barely misses you.
Unknown command.
You bite the kobold!
You kill the kobold!
Blork the orc gestures wildly while chanting.
Blork the orc seems to speed up.
Things that are here:
a +0 club; 3 stones; a kobold corpse Blork the orc hits you from afar with a +0 trident.
Blork the orc closely misses you.
You hit Blork the orc.
Blork the orc is lightly wounded.
Blork the orc hits you with a +0 trident!
Blork the orc closely misses you.
You hit Blork the orc.
Blork the orc is poisoned.
Blork the orc is moderately wounded.
Your transformation is almost over.
Blork the orc gestures at you while chanting.
The puff of frost hits you.
You hit Blork the orc.
Blork the orc is moderately wounded.
Blork the orc gestures at you while chanting.
The magic dart hits you!
* * * LOW HITPOINT WARNING * * *
Blork the orc misses you.
Unknown command.
Okay, then.
Blork the orc closely misses you.
Blork the orc looks satisfied for a moment.
Blork the orc screams, "I'll crush all your ribs!
One by one!"
Blork the orc hits you from afar with a +0 trident!
You die...

#.............#
#.......... ##
.............#
##...8......
#..##............#
#...........
#................#
#...........
#............#
#........... #..<........#
#........... ##......o.<.#
##...........
#..........###............
##.......s....#...........
##...).##..##............
#.######..###...........
### ##.## ##..........
###.)### ##.........
#####......## ##........
#...........## ##.......
#............# ##......
#............# ##.....


You could see Blork the orc (fast, very poisoned).

Vanquished Creatures
  4 adders (D:2)
  An ufetubus (D:4)
  3 worms
  3 dart slugs
  4 ball pythons
  8 endoplasms
  3 giant cockroaches
  7 goblins
  6 hobgoblins
  9 jackals
  2 quokkas
  5 bats
  3 frilled lizards
  7 kobolds
  5 rats
70 creatures vanquished.

Notes
Turn   | Place    | Note
-------+----------+-------------------------------------------
     0 | D:1      | ytrimaz the Octopode Transmuter began the quest for the
                  | Orb.
     0 | D:1      | Reached XP level 1. HP: 13/13 MP: 3/3
   354 | D:1      | Reached XP level 2. HP: 4/18 MP: 5/5
  1816 | D:2      | Reached XP level 3. HP: 23/23 MP: 4/6
  1819 | D:2      | Learned a level 2 spell: Wereblood
  1823 | D:2      | Learned a level 3 spell: Spider Form
  2188 | D:2      | Identified a scroll of acquirement
  2188 | D:2      | Acquired 1041 gold pieces
  2604 | D:2      | Reached XP level 4. HP: 25/28 MP: 8/8
  3835 | D:3      | Found a burning altar of Makhleb.
  4036 | D:4      | Noticed Blork the orc
  4100 | D:4      | Reached XP level 5. HP: 16/34 MP: 9/9
  4533 | D:4      | Found Zefail's Book Shop.
  4706 | D:4      | Found Egruc's Antique Weapon Shop.
  4813 | D:4      | Found Wiollohae's Antique Weapon Emporium.
  4887 | D:4      | Slain by Blork the orc

Illustrated notes

Levels and vault maps discovered:
D:1:      dpeg_arrival_arbitrary_a, layout_basic
D:2:      layout_basic
D:3:      layout_basic, mainiacjoe_overflow_tiny_flanked, interstate_on_off
D:4:      layout_cave_pods, serial_shops, nicolae_shop_statue_plus, shop,
          nicolae_shop_trees, uniq_blork_the_orc

Skill      XL: |  1  2  3  4 |
---------------+-------------+-----
Spellcasting   | 3 |  3.2
Transmutations | 3 |  3.1
Fighting       | |  1.9
Dodging        | |  2.0
Unarmed Combat | |  3.7

Action                   |  1- 3 |  4- 6 || total
-------------------------+-------+-------++-------
Melee: Unarmed           |    76 |    87 ||   163
       Kick              |    14 |    17 ||    31
       Constrict         |    18 |    18 ||    36
       Tentacles         |    10 |     9 ||    19
       Punch             |     2 |       ||     2
 Cast: Beastly Appendage |    22 |    23 ||    45
       Wereblood         |       |     3 ||     3
       Spider Form       |       |     1 ||     1
  Use: Scroll            |     2 |     5 ||     7
       Potion            |     1 |       ||     1
 Stab: Sleeping          |     5 |     4 ||     9
       Distracted        |       |     1 ||     1
Armor: Skin              |     7 |     7 ||    14
Dodge: Dodged            |    40 |    58 ||    98

Table legend: (Time is in decaauts)
 A = Elapsed time spent in this place.
 B = Non-inter-level travel time spent in this place.
 C = Inter-level travel time spent in this place.
 D = Time resting spent in this place.
 E = Time spent auto-exploring this place.
 F = Levels seen in this place.
 G = Mean time per level.
                   A        B        C        D        E       F      G
               +--------+--------+--------+--------+--------+-----+--------+
         Total |   4876 |   4767 |    109 |    583 |   3579 |   4 | 1219.0 |
       Dungeon |   4876 |   4767 |    109 |    583 |   3579 |   4 | 1219.0 |
               +--------+--------+--------+--------+--------+-----+--------+

Top non-repeatable levels by time:
     D:1: 1808 daAuts
     D:2: 1369 daAuts
     D:3: 895 daAuts
     D:4: 804 daAuts
